 Dungeon Crawl Stone Soup version 0.29-a0-352-g0917bc69df (webtiles) character file.

Game seed: 2092176215506754095

825 bande the Chopper (level 7, -3/44 HPs)
             Began as a Gargoyle Fighter on Apr 24, 2022.
             Slain by Duvessa
             ... wielding a +1 short sword of venom
              (12 damage)
             ... on level 4 of the Dungeon.
             The game lasted 00:06:01 (4045 turns).

bande the Chopper (Gargoyle Fighter)                Turns: 4045, Time: 00:06:02

Health: -3/44      AC: 14    Str: 20    XL:     7   Next: 96%
Magic:  0/7        EV:  9    Int:  8    God:
Gold:   156        SH:  5    Dex: 11    Spells: 6/6 levels left

rFire   . . .      SeeInvis .   a - +0 war axe
rCold   . . .      Faith    .   c - +0 buckler
rNeg    + . .      Spirit   +   b - +0 scale mail
rPois   ∞          Reflect  .   (no helmet)
rElec   +          Harm     .   d - +0 cloak
rCorr   .          Rampage  .   (no gloves)
Will    .....                   k - +0 pair of boots
Stlth   ..........              m - amulet of guardian spirit
HPRegen 0.14/turn               r - +4 ring of slaying
MPRegen 0.10/turn               (no ring)

@: no status effects
A: sickness immunity, AC +4, negative energy resistance 1, electricity
resistance, torment resistance 1, petrification resistance
a: no special abilities


You were on level 4 of the Dungeon.
You visited 1 branch of the dungeon, and saw 4 of its levels.

You collected 156 gold pieces.

Inventory:

Hand Weapons
 a - a +0 war axe (weapon)
 l - a +1 mace of venom
Armour
 b - a +0 scale mail (worn)
 c - a +0 buckler (worn)
 d - a +0 cloak (worn)
 k - a +0 pair of boots (worn)
Jewellery
 g - a ring of fire
 m - an amulet of guardian spirit (around neck)
 r - a +4 ring of slaying (left hand)
Scrolls
 e - 2 scrolls of teleportation
Potions
 f - 3 potions of ambrosia
 i - 5 potions of curing
 j - 2 potions of heal wounds {unknown}
 n - a potion of flight {unknown}
 q - a potion of haste {unknown}


   Skills:
 + Level 5.1 Fighting
 + Level 5.8 Axes
 + Level 5.2 Armour
 + Level 4.7 Shields


You had 6 spell levels left.
You didn't know any spells.
Your spell library contained the following spells:

 Spells                   Type           Power      Damage    Failure   Level
 Beastly Appendage        Tmut           0%         N/A       83%         1
 Magic Dart               Conj           0%         1d3       83%         1
 Searing Ray              Conj           0%         2d4       92%         2
 Wereblood                Tmut           0%         N/A       92%         2
 Spider Form              Tmut/Pois      0%         N/A       99%         3
 Fulminant Prism          Conj/Hex       0%         3d6       100%        4


Dungeon Overview and Level Annotations

Branches:
Dungeon (4/15)             Temple (0/1) D:4

Altars:

Shops:
D:4 *

Annotations:
D:4 Duvessa


Innate Abilities, Weirdness & Mutations

You are immune to sickness and miasma.
Your stone body is resilient. (AC +4)
You are immune to poison.
You resist negative energy. (rN+)
You are resistant to electric shocks. (rElec)
You are resistant to unholy torment.
You are immune to petrification.


Message History

You slash Dowan!
Dowan is almost dead.
You barely miss Duvessa. Duvessa barely misses you.
You block Dowan's attack. x2
Duvessa hits you but does no damage.
You hit Dowan but do no damage.
Dowan is almost dead.
You hit Duvessa but do no damage. You block Duvessa's attack.
Dowan hits you with a +2 dagger of protection.
You hit Dowan.
You kill Dowan!
Duvessa screams in rage.
Duvessa goes berserk!
You barely miss Duvessa. Duvessa completely misses you.
Duvessa barely misses you.
You hit Duvessa.
Duvessa is moderately wounded.
Duvessa hits you with a +1 short sword of venom!
Duvessa hits you but does no damage.
You are too injured to fight recklessly!
You are too injured to fight recklessly!
You are too injured to fight recklessly!
You are too injured to fight recklessly!
You are too injured to fight recklessly!
You are too injured to fight recklessly!
You are too injured to fight recklessly!
You are too injured to fight recklessly!
You are too injured to fight recklessly!
You are too injured to fight recklessly!
Unknown command.
You hit Duvessa.
Duvessa is heavily wounded.
Duvessa hits you with a +1 short sword of venom.
You barely miss Duvessa.
Duvessa is heavily wounded.
Duvessa hits you with a +1 short sword of venom!
* * * LOW HITPOINT WARNING * * *
Duvessa closely misses you.
You barely miss Duvessa.
Duvessa is heavily wounded.
Duvessa hits you with a +1 short sword of venom!
You die...

##...# #...........
###.#≈≈§#.>
#........... ###≈§§#..
#........... #§§≈##.
#....#...... #§§§§#.
#....#.....# §≈≈#.
#.....#....# ≈#.
##..........
##e######...........
#.)@.##...........#.
##.......[...........
#.....#..#...........
#...##.#..##..........
##.#.............)>...
####.................
##........#.......
#................
##.....##........


You could see Duvessa (berserk).

Vanquished Creatures
  Sigmund (D:2)
  Eustachio (D:4)
  A water moccasin (D:4)
  A scorpion (D:4)
  Dowan (D:4)
  2 hounds
  Crazy Yiuf (D:2)
  Natasha (twice) (D:4)
  Robin (D:2)
  9 adders
  A gnoll (D:1)
  3 worms
  A dart slug (D:1)
  3 endoplasms
  2 giant cockroaches (D:1)
  9 hobgoblins
  2 jackals (D:2)
  3 quokkas (D:3)
  7 ball pythons
  3 bats
  3 frilled lizards
  14 goblins
  5 kobolds
  4 rats
80 creatures vanquished.

Notes
Turn   | Place    | Note
-------+----------+-------------------------------------------
     0 | D:1      | bande the Gargoyle Fighter began the quest for the Orb.
     0 | D:1      | Reached XP level 1. HP: 14/14 MP: 1/1
   123 | D:1      | Reached XP level 2. HP: 19/19 MP: 2/2
   640 | D:1      | Found a faded altar of an unknown god.
   929 | D:2      | Reached XP level 3. HP: 24/24 MP: 3/3
  1012 | D:2      | Found a runed translucent door.
  1013 | D:2      | Noticed Crazy Yiuf
  1153 | D:2      | Reached XP level 4. HP: 22/29 MP: 4/4
  1270 | D:2      | Noticed Robin
  1275 | D:2      | Killed Robin
  1651 | D:2      | Noticed Sigmund
  1667 | D:2      | Killed Sigmund
  1668 | D:2      | Reached XP level 5. HP: 28/34 MP: 5/5
  1668 | D:2      | Reached XP level 6. HP: 32/39 MP: 6/6
  2374 | D:2      | Killed Crazy Yiuf
  3273 | D:4      | Noticed a water moccasin
  3284 | D:4      | Killed a water moccasin
  3285 | D:4      | Reached XP level 7. HP: 31/44 MP: 4/7
  3297 | D:4      | Reached skill level 5 in Axes
  3482 | D:4      | Noticed Eustachio
  3517 | D:4      | Killed Eustachio
  3518 | D:4      | Reached skill level 5 in Fighting
  3518 | D:4      | Reached skill level 5 in Armour
  3720 | D:4      | Noticed Natasha
  3726 | D:4      | Killed Natasha
  3823 | D:4      | Found Launwoni's Overcharged Wands.
  3913 | D:4      | Noticed Natasha
  3922 | D:4      | Killed Natasha
  4031 | D:4      | Noticed Dowan
  4032 | D:4      | Noticed Duvessa
  4034 | D:4      | Found a staircase to the Ecumenical Temple.
  4041 | D:4      | Killed Dowan
  4045 | D:4      | Slain by Duvessa

Illustrated notes

Levels and vault maps discovered:
D:1:      dpeg_arrival_castle, layout_loops_cross,
          dreamdust_ecumenical_altar_angels_and_demons, nrook_mini_vaults,
          nicolae_grassy_gnolls
D:2:      minmay_recursive_quarters, layout_basic, uniq_robin, uniq_sigmund,
          uniq_crazy_yiuf_cottage
D:3:      layout_basic
D:4:      layout_cave_pools, minmay_temple_entry_poolview,
          nicolae_shop_overcharged_wands, uniq_duvessa, uniq_natasha,
          uniq_eustachio

Skill      XL: |  1  2  3  4  5  6  7 |
---------------+----------------------+-----
Axes           | 2 4 5 |  5.8
Armour         | 4 5 |  5.2
Fighting       | 4 5 |  5.1
Shields        | 4 |  4.7

Action                   |  1- 3 |  4- 6 |  7- 9 || total
-------------------------+-------+-------+-------++-------
Melee: War axe           |    66 |   143 |    86 ||   295
  Use: Scroll            |     2 |     2 |     2 ||     6
       Potion            |       |     1 |       ||     1
Armor: Scale mail        |    36 |   102 |    65 ||   203
Dodge: Dodged            |    34 |    91 |    46 ||   171
Block: Buckler           |    15 |    36 |    26 ||    77

Table legend: (Time is in decaauts)
 A = Elapsed time spent in this place.
 B = Non-inter-level travel time spent in this place.
 C = Inter-level travel time spent in this place.
 D = Time resting spent in this place.
 E = Time spent auto-exploring this place.
 F = Levels seen in this place.
 G = Mean time per level.
                   A        B        C        D        E       F      G
               +--------+--------+--------+--------+--------+-----+--------+
         Total |   4159 |   4073 |     86 |    562 |   2782 |   4 | 1039.8 |
       Dungeon |   4159 |   4073 |     86 |    562 |   2782 |   4 | 1039.8 |
               +--------+--------+--------+--------+--------+-----+--------+

Top non-repeatable levels by time:
     D:2: 1571 daAuts
     D:1: 922 daAuts
     D:4: 881 daAuts
     D:3: 784 daAuts
